 Dungeon Crawl Stone Soup version 0.25.1-2-g60ff931df9 (webtiles) character file.

Game seed: 4129796650360925822

98 DerDa the Gusty (level 4, -6/24 HPs)
             Began as a Tengu Air Elementalist on Sept 22, 2020.
             Killed from afar by Sigmund (10 damage)
             ... with a puff of flame
             ... on level 2 of the Dungeon.
             The game lasted 00:04:25 (1896 turns).

DerDa the Gusty (Tengu Air Elementalist)            Turns: 1896, Time: 00:04:26

Health: -6/24      AC:  2    Str:  9    XL:     4   Next: 69%
Magic:  9/9        EV: 13    Int: 16    God:
Gold:   75         SH:  0    Dex: 14    Spells: 2/8 levels left

rFire    . . .     SeeInvis .   b - +0 short sword
rCold    . . .     Gourm    .   (no shield)
rNeg     . . .     Faith    .   a - +0 robe
rPois    .         Spirit   .   (helmet restricted)
rElec    .         Reflect  .   (no cloak)
rCorr    .         Harm     .   (no gloves)
MR       .....                  (boots unavailable)
Stlth    ++........             (no amulet)
HPRegen  0.08/turn              (no ring)
MPRegen  0.11/turn              (no ring)

@: no status effects
A: beak, talons 3
a: no special abilities


You were on level 2 of the Dungeon.
You were hungry.

You visited 1 branch of the dungeon, and saw 2 of its levels.

You collected 75 gold pieces.

Inventory:

Hand Weapons
 b - a +0 short sword (weapon)
Missiles
 e - 14 poisoned darts (quivered)
Armour
 a - a +0 robe (worn)
Scrolls
 d - 2 scrolls of blinking
 f - a scroll of remove curse {unknown}
 h - a scroll of amnesia {unknown}
 i - a scroll of enchant weapon {unknown}
 j - a scroll of enchant armour {unknown}
 k - 2 scrolls of identify {unknown}
 l - a scroll of noise {unknown}
 n - a scroll of teleportation {unknown}
Potions
 g - a potion of curing {unknown}
Comestibles
 c - 8 rations
 m - a chunk of flesh


   Skills:
 + Level 2.7 Dodging
 - Level 2.0 Stealth
 * Level 2.9 Spellcasting
 * Level 3.2 Conjurations
 * Level 5.0 Air Magic


You had 2 spell levels left.
You knew the following spells:

 Your Spells              Type           Power        Failure   Level  Hunger
a - Shock                 Conj/Air       ###.         3%          1    #......
b - Static Discharge      Conj/Air       ###.....     11%         3    ###....
c - Swiftness             Chrm/Air       ##......     10%         2    ##.....

Your spell library contained the following spells:

 Spells                   Type           Power        Failure   Level  Hunger
 Airstrike                Air            ###.......   24%         4    #####..
 Lightning Bolt           Conj/Air       ###.......   67%         5    ######.


Dungeon Overview and Level Annotations

Branches:
Dungeon (2/15)

Altars:

Annotations:
D:2 Sigmund


Innate Abilities, Weirdness & Mutations

You have a beak for a mouth.
You have claws for feet.


Message History

Casting: Shock (safe; 3% risk of failure)
Confirm with . or Enter, or press ? or * to list all spells.
You feel quick.
Sigmund says, "You will soon forget everything."
Sigmund closely misses you.
There isn't anything here!
Sigmund points at you and mumbles some strange words.
The magic dart hits you!
* * * LOW HITPOINT WARNING * * *
Sigmund casts a spell.
Sigmund flickers and vanishes!
Deactivating autopickup; reactivate with Ctrl-A.
You start to feel a little slower.
You feel sluggish.
You start to feel a little faster.
You no longer feel sluggish.
Some of the chunks of flesh in your inventory have rotted away.
A puff of flame appears from out of thin air!
The puff of flame hits you!
You die...

.# #......##.###
.######.###.###.####
........# #........#
........##############
)....................#
........############.#
################## #.#
#.{......###.#
#.######@....# #.#
#.##### #.# #.# #.#
#.# #.# #.# #.# ###
####.######
#.........############
#....................#


There were no monsters in sight!

Vanquished Creatures
  A scorpion (D:2)
  An adder (D:2)
  3 dart slugs
  A giant cockroach (D:2)
  5 goblins
  4 hobgoblins (D:1)
  4 jackals (D:1)
  A quokka (D:2)
  5 bats
  2 frilled lizards
  5 kobolds
  3 rats (D:1)
35 creatures vanquished.

Notes
Turn   | Place    | Note
-------+----------+-------------------------------------------
     0 | D:1      | DerDa the Tengu Air Elementalist began the quest for the
                  | Orb.
     0 | D:1      | Reached XP level 1. HP: 10/10 MP: 4/4
   106 | D:1      | Reached XP level 2. HP: 12/15 MP: 3/6
   828 | D:1      | Reached XP level 3. HP: 19/19 MP: 1/7
  1135 | D:1      | Learned a level 3 spell: Static Discharge
  1138 | D:1      | Learned a level 2 spell: Swiftness
  1226 | D:2      | Noticed a scorpion
  1237 | D:2      | Killed a scorpion
  1237 | D:2      | Reached skill level 5 in Air Magic
  1237 | D:2      | Reached XP level 4. HP: 12/24 MP: 2/9
  1799 | D:2      | Noticed Sigmund
  1896 | D:2      | Killed from afar by Sigmund

Illustrated notes

Levels and vault maps discovered:
D:1:      elethiomel_arrival_infinity_welcomes_careful_drivers, layout_basic,
          minmay_bisected
D:2:      layout_basic, first_ration, uniq_sigmund

Skill      XL: |  1  2  3 |
---------------+----------+-----
Conjurations   | 2 3 |  3.2
Air Magic      | 5 |  5.0
Dodging        | |  2.7
Stealth        | |  2.0
Spellcasting   | |  2.9

Action                   |  1- 3 |  4- 6 || total
-------------------------+-------+-------++-------
Melee: Short sword       |     3 |       ||     3
 Cast: Shock             |    56 |    21 ||    77
       Swiftness         |       |     1 ||     1
  Use: Scroll            |     1 |       ||     1
  Eat: Chunk             |     2 |     1 ||     3
Armor: Robe              |     3 |       ||     3
Dodge: Dodged            |     5 |     2 ||     7
